 Dungeon Crawl Stone Soup version 0.32-a0-675-gdc239d62e1 (webtiles) character file.

Game seed: 10763596938918180655

504 GreatWithBirds the Shooter (level 7, -8/55 HPs)
             Began as a Formicid Hunter on Mar 11, 2024.
             Mangled by a gnoll
             ... wielding a +0 heavy halberd
             ... led by a gnoll bouda
              (13 damage)
             ... on level 5 of the Dungeon.
             The game lasted 00:07:06 (3260 turns).

GreatWithBirds the Shooter (Formicid Hunter)        Turns: 3260, Time: 00:07:07

Health: -8/55      AC:  7    Str: 15    XL:     7   Next: 41%
Magic:  0/7        EV: 10    Int:  9    God:
Gold:   219        SH: 10    Dex: 19    Spells: 6/6 levels left

rFire   . . .        a - +0 shortbow
rCold   . . .        x - +0 kite shield
rNeg    . . .        c - +0 leather armour
rPois   .            (helmet unavailable)
rElec   .            u - +0 cloak
rCorr   .            d - +1 pair of gloves
SInv    +            s - +0 pair of boots
Will    .....        g - amulet of guardian spirit
Stlth   ++           (no ring)
HPRegen 0.29/turn    (no ring)
MPRegen 0.10/turn

%: guardian spirit
@: no status effects
A: permanent stasis, dig shafts and tunnels, antennae 3, four strong arms
a: Dig, Shaft Self


You were on level 5 of the Dungeon.
You visited 1 branch of the dungeon, and saw 5 of its levels.

You collected 219 gold pieces.

Inventory:

Hand Weapons
 a - a +0 shortbow (weapon)
Missiles
 r - 2 throwing nets
Armour
 c - a +0 leather armour (worn)
 d - a +1 pair of gloves (worn)
 s - a +0 pair of boots (worn)
 u - a +0 cloak (worn)
 x - a +0 kite shield (worn)
Jewellery
 g - an amulet of guardian spirit (around neck)
Wands
 y - a wand of flame (14)
Scrolls
 b - a scroll of noise {unknown}
 e - a scroll of brand weapon {unknown}
 i - 2 scrolls of vulnerability {unknown}
 o - 7 scrolls of teleportation {unknown}
 p - a scroll of revelation {unknown}
 t - a scroll of poison {unknown}
 v - 2 scrolls of enchant armour {unknown}
Potions
 f - a potion of berserk rage {unknown}
 h - a potion of curing {unknown}
 k - a potion of resistance {unknown}
 l - 2 potions of brilliance {unknown}
 m - 5 potions of heal wounds {unknown}
 q - 2 potions of haste {unknown}
 w - a potion of degeneration {unknown}
 z - a potion of lignification {unknown}
 A - a potion of magic {unknown}


   Skills:
 + Level 4.4 Fighting
 * Level 6.5 Ranged Weapons
 - Level 1.7 Dodging
 - Level 1.2 Stealth
 + Level 4.4 Shields
 + Level 0.5 Invocations


You had 6 spell levels left.
You didn't know any spells.
Your spell library contained the following spells:

 Spells                   Type           Power      Damage    Failure   Level
 Fugue of the Fallen      Necr           0%         N/A       99%         3
 Ozocubu's Armour         Ice            0%         N/A       99%         3
 Manifold Assault         Tloc           0%         N/A       100%        4


Dungeon Overview and Level Annotations

Branches:
Dungeon (5/15)
 Temple: D:4-7

Altars:
Dithmenos
Qazlal
Sif Muna
Beogh

Shops:
D:1 *

Annotations:
D:4 3 runed translucent doors, Winter's ghost, amateur MiFi


Innate Abilities, Weirdness & Mutations

You cannot be hasted, slowed, berserked, paralysed or teleported.
You can dig through walls and to a lower floor.
You have a pair of large antennae on your head. (SInv)
Your four strong arms can wield two-handed weapons with a shield.


Message History

The gnoll is no longer moving quickly. x2
The gnoll bouda gazes fiercely through you!
You feel as though you will be weak longer.
The gnoll attacks as it pursues you! You block the gnoll's attack.
The gnoll attacks as it pursues you! You block the gnoll's attack.
The acid dragon roars!
The gnoll attacks as it pursues you! The gnoll barely misses you.
The gnoll attacks as it pursues you! You block the gnoll's attack.
The gnoll attacks as it pursues you! You block the gnoll's attack. x2
The gnoll bouda gazes fiercely through you!
You feel as though you will be weak longer.
The gnoll hits you with a +0 club.
The gnoll bouda barks out a call to the hunt!
The gnolls pick up the pace!
The acid dragon spits acid at you. The splash of acid hits you!!
Ouch! That really hurt!
* * * LOW HITPOINT WARNING * * *
The gnoll attacks as it pursues you! The gnoll completely misses you.
Unknown command.
The gnoll is no longer moving quickly. x2
As you read the scroll labelled VELEBRUVVU, it crumbles to dust.
It is a scroll of identify.
n - a scroll of fear The gnoll closely misses you.
Unknown command.
Read: scroll of fear
Press: ? - help, Q - select action, (/) - cycle Dir - look around, f - activate Look: a gnoll, wielding a +0 club (chance to affect: 98%)
As you read the scroll of fear, it crumbles to dust.
You assume a fearsome visage.
The gnoll looks frightened! x2; The acid dragon looks frightened!
The hound looks frightened!
Your attacks no longer feel as feeble.
Found a dark potion.
Found an escape hatch in the ceiling.
Found a stone staircase leading up.
The gnoll barely misses you.
There is an escape hatch in the ceiling here.
The gnoll hits you from afar with a +0 heavy halberd!
You die...

~~PPP♣~...
~~~~~♣..<#.
♣~~....... ~♣
♣♣.......#.### ♣.
♣.......# ...# ♣#.
#.......# ..##
...##.......####..#
...........g..g.@!#
.#...#####g######.#
..)#.### #.# .#
#g.gg.# #.# .# #
####..###.# ##.#..
#......g.####.....
#.................
#....h{.....#.####
>......{#.#)#...##


You could see a gnoll bouda and 2 gnolls.

Vanquished Creatures
  A phantom (D:4)
  A bullfrog (D:3)
  3 hounds
  An orc priest (D:5)
  Terence (D:3)
  An orc wizard (D:4)
  7 adders
  A gnoll (D:5)
  6 dart slugs
  3 ribbon worms
  9 orcs
  5 endoplasms
  6 goblins
  4 hobgoblins
  7 jackals
  3 kobolds
  2 quokkas
  9 ball pythons
  2 bats
  7 frilled lizards
  3 rats
82 creatures vanquished.

Vanquished Creatures (others)
  An orc wizard (D:4)
1 creature vanquished.

Grand Total: 83 creatures vanquished

Notes
Turn   | Place    | Note
-------+----------+-------------------------------------------
     0 | D:1      | GreatWithBirds the Formicid Hunter began the quest for the
                  | Orb.
     0 | D:1      | Reached XP level 1. HP: 16/16 MP: 1/1
     8 | D:1      | Found Vomnam's General Store.
   277 | D:1      | Reached XP level 2. HP: 23/23 MP: 2/2
   318 | D:1      | Reached skill level 1 in Shields
   607 | D:1      | Reached XP level 3. HP: 28/28 MP: 3/3
   965 | D:2      | Reached XP level 4. HP: 34/34 MP: 4/4
  1351 | D:3      | Noticed Terence
  1355 | D:3      | Noticed a bullfrog
  1372 | D:2      | Reached skill level 5 in Ranged Weapons
  1372 | D:2      | Reached XP level 5. HP: 33/41 MP: 5/5
  1438 | D:3      | Killed a bullfrog
  1467 | D:3      | Killed Terence
  1468 | D:3      | Reached XP level 6. HP: 16/48 MP: 0/6
  1729 | D:3      | Found a shadowy altar of Dithmenos.
  1956 | D:4      | Found a runed translucent gate.
  1957 | D:4      | Found a runed translucent gate.
  1957 | D:4      | Noticed Winter's ghost (amateur MiFi)
  1958 | D:4      | Found a runed translucent gate.
  1958 | D:4      | Identified the +0 chain mail of Haunted Joy {+Blink rN++
                  | Str+3}
  1960 | D:4      | Identified the +7 chain mail "Ymewoth" {Harm rPois Int-3}
  1960 | D:4      | Noticed an orc warrior
  2019 | D:4      | Noticed a water elemental
  2021 | D:4      | Found a stormy altar of Qazlal.
  2038 | D:4      | Reached skill level 6 in Ranged Weapons
  2092 | D:4      | Noticed an air elemental
  2273 | D:4      | Noticed a fire elemental
  2433 | D:4      | Identified the +1 dagger "Gics" {protect, rElec rC++ Will+
                  | Int-5 Stlth+}
  2522 | D:4      | Reached XP level 7. HP: 52/54 MP: 7/7
  2805 | D:4      | Found a roughly hewn altar of Beogh.
  2819 | D:5      | Entered Level 5 of the Dungeon
  2819 | D:5      | Noticed an acid dragon
  2996 | D:5      | Found a shimmering blue altar of Sif Muna.
  3247 | D:5      | HP: 2/55 [acid dragon/splash of acid (28)]
  3260 | D:5      | Mangled by a gnoll

Illustrated notes

Levels and vault maps discovered:
D:1:      lightli_arrival_statue_moat, layout_loops_ring, serial_shops,
          nicolae_shop_stone, minmay_heptomino_o4
D:2:      layout_rooms
D:3:      layout_rooms, nicolae_dithmenos_through_a_glass_darkly,
          corner_web_ring, uniq_terence
D:4:      layout_loops_ring, nicolae_qazlal_style_of_elements,
          biasface_ghost_orc_armoury, hangedman_decor_diamond_cutter,
          nicolae_the_louvre
D:5:      layout_rooms, lemuel_crystal_altar, minmay_temple_entry_stoned_glass,
          nicolae_wooded_promenade, serial_bayou_lake_a, uniq_crazy_yiuf_cottage

Skill      XL: |  1  2  3  4  5  6 |
---------------+-------------------+-----
Shields        | 1 2 3 4 |  4.4
Fighting       | 3 4 |  4.4
Ranged Weapons | 5 6 |  6.5
Dodging        | |  1.7
Stealth        | |  1.2
Invocations    | |  0.5

Action                     |  1- 3 |  4- 6 |  7- 9 || total
---------------------------+-------+-------+-------++-------
   Fire: Shortbow          |    75 |   180 |    65 ||   320
    Use: Scroll            |       |       |     3 ||     3
 Armour: Leather armour    |    16 |    60 |    49 ||   125
  Dodge: Dodged            |    10 |    65 |    47 ||   122
  Block: Kite shield       |       |    24 |    47 ||    71

Table legend: (Time is in decaauts)
 A = Elapsed time spent in this place.
 B = Non-inter-level travel time spent in this place.
 C = Inter-level travel time spent in this place.
 D = Time resting spent in this place.
 E = Time spent auto-exploring this place.
 F = Levels seen in this place.
 G = Mean time per level.
                   A        B        C        D        E       F      G
               +--------+--------+--------+--------+--------+-----+--------+
         Total |   3332 |   3218 |    114 |    208 |   2342 |   5 |  666.4 |
       Dungeon |   3332 |   3218 |    114 |    208 |   2342 |   5 |  666.4 |
               +--------+--------+--------+--------+--------+-----+--------+

Top non-repeatable levels by time:
     D:4: 1175 daAuts
     D:1: 775 daAuts
     D:2: 614 daAuts
     D:3: 578 daAuts
     D:5: 189 daAuts
